 Dungeon Crawl Stone Soup version 0.31-a0-435-g2c6fae2916 (webtiles) character file.

Game seed: 14343220629648889538

1570 Maxmaps the Ruffian (level 8, -11/55 HPs)
             Began as an Octopode Shapeshifter on Aug 1, 2023.
             Mangled by Duvessa
             ... wielding a +0 rapier
              (18 damage)
             ... on level 6 of the Dungeon.
             The game lasted 00:10:28 (6497 turns).

Maxmaps the Ruffian (Octopode Shapeshifter)         Turns: 6497, Time: 00:10:30

Health: -11/55     AC:  1    Str: 14    XL:     8   Next: 90%
Magic:  8/8        EV: 15    Int: 18    God:
Gold:   299        SH:  5    Dex: 13    Spells: 7/7 levels left

rFire   . .          .
                       - Unarmed
rCold   . . .        (no shield)
rNeg    . . .        (helmet currently unavailable)
rPois   .            c - amulet of reflection
rElec   .            f - +6 ring of intelligence
rCorr   .            (no ring)
SInv    .            (no ring)
Will    .....        (no ring)
Stlth   ++++         (no ring)
HPRegen 0.29/turn    (no ring)
MPRegen 0.11/turn    (no ring)
                     (no ring)

%: reflection
@: beast-form
A: beast (slay +3), almost no armour, amphibious, 8 rings, camouflage 1,
gelatinous body 1, (nimble swimmer 1), tentacles
a: Begin Untransformation


You were on level 6 of the Dungeon.
You were a hulking beast.
You visited 2 branches of the dungeon, and saw 7 of its levels.
You also visited: Sewer.

You collected 299 gold pieces.

Inventory:

Missiles
 v - 2 throwing nets
Jewellery
 c - an amulet of reflection (around mantle)
 f - a +6 ring of intelligence (left tentacle)
 k - a ring of positive energy
 r - an amulet of guardian spirit
Talismans
 b - a beast talisman (active)
 m - a dragon-blood talisman
Wands
 l - a wand of polymorph (8)
 w - a wand of flame (21)
Scrolls
 d - 2 scrolls of teleportation
 o - a scroll of identify
 t - a scroll of vulnerability
 u - a scroll of revelation {unknown}
Potions
 a - 2 potions of mutation {unknown}
 e - a potion of curing
 g - a potion of might {unknown}
 h - 2 potions of haste {unknown}
 i - a potion of cancellation
 j - a potion of attraction
 n - 2 potions of enlightenment {unknown}
 p - a potion of degeneration {unknown}
 q - a potion of brilliance {unknown}
 s - 6 potions of heal wounds {unknown}


   Skills:
 - Level 5.0 Fighting
 - Level 6.0 Dodging
 - Level 5.3 Stealth
 - Level 6.1 Unarmed Combat
 + Level 4.5 Shapeshifting


You had 7 spell levels left.
You didn't know any spells.
Your spell library contained the following spells:

 Spells                   Type           Power      Damage    Failure   Level
 Ozocubu's Armour         Ice            0%         N/A       54%         3
 Portal Projectile        Hex/Tloc       0%         N/A       54%         3
 Tukima's Dance           Hex            0%         N/A       54%         3
 Iskenderun's Mystic Bla  Conj/Tloc      0%         2d3       91%         4
 Metabolic Englaciation   Hex/Ice        0%         N/A       99%         5
 Simulacrum               Ice/Necr       0%         N/A       100%        6


Dungeon Overview and Level Annotations

Branches:
Dungeon (6/15)             Temple (1/1) D:5           Sewer (visited)

Altars:
Ashenzari
Cheibriados
Elyvilon
Fedhas
Kikubaaqudgha
Makhleb
Qazlal
Ru
Sif Muna
Vehumet
Wu Jian
Xom
Zin

Shops:
D:4 !

Annotations:
D:3 2 transporters, IYTBazzie's ghost, amateur GrSh
D:4 3 runed translucent doors, MathMan16's ghost, amateur MfGl
D:6 Duvessa


Innate Abilities, Weirdness & Mutations

You are a hulking beast.
Your limbs bulge with bestial killing power. (Slay +3)
You cannot wear most types of armour.
You are amphibious.
You can wear up to eight rings at the same time.
Your skin changes colour to match your surroundings (Stealth+).
Your rubbery body absorbs attacks. (AC +1, EV +1)
((You are camouflaged when in or above water. (Stealth+)))
You have tentacles for arms and can constrict up to eight enemies at once.


Message History

You constrict Duvessa. You constrict Dowan. Duvessa hits you with a +0 rapier!
Dowan barely misses you.
You tentacle-slap Duvessa.
Duvessa is moderately wounded.
You constrict Duvessa. You constrict Dowan. Duvessa hits you with a +0 rapier!
Dowan hits you with a +0 dagger.
You tentacle-slap Duvessa but do no damage.
Duvessa is moderately wounded.
You constrict Duvessa. You constrict Dowan. Duvessa misses you.
Dowan barely misses you.
You tentacle-slap Duvessa.
Duvessa is heavily wounded.
You constrict Duvessa. You constrict Dowan.
Dowan says, "Magic and the sword, together, will defeat you."
Dowan closely misses you. Duvessa hits you with a +0 rapier!
You tentacle-slap Duvessa.
Duvessa is heavily wounded.
You constrict Duvessa. You constrict Dowan. Dowan closely misses you.
Duvessa hits you with a +0 rapier!
* * * LOW HITPOINT WARNING * * *
You feel better.
You constrict Duvessa, but do no damage.
You constrict Dowan. Dowan hits you with a +0 dagger.
* * * LOW HITPOINT WARNING * * *
You block Duvessa's attack.
You tentacle-slap Duvessa. Your squeeze misses Duvessa.
Duvessa is severely wounded.
You constrict Duvessa. You constrict Dowan. Dowan hits you with a +0 dagger!
* * * LOW HITPOINT WARNING * * *
Duvessa hits you with a +0 rapier.
* * * LOW HITPOINT WARNING * * *
Unknown command.
You tentacle-slap Duvessa.
Duvessa is almost dead.
You constrict Duvessa, but do no damage.
You constrict Dowan.
You kill Dowan!
Duvessa screams, "No!
How DARE you!"
Duvessa goes berserk!
Duvessa hits you with a +0 rapier!!
You die...

.... ##.#....#... #!..
..##... #... ...+.. ).
#... #.##.. ...#...
#.##.# ...#...##.##.#
...........#)#########
...#.#..###.he....?..#
..........+..........#
#.##.....##..........#
#.....#..##..........#
#####.#..#############
#.......)...........
###.#.##....#.#.........
#.......<)..#...).......
#....###........).......


You could see Duvessa (berserk).

Vanquished Creatures
  Menkaure (D:4)
  An ice beast (D:5)
  A phantom (D:4)
  2 kobold brigands
  2 scorpions (D:5)
  A gnoll sergeant (D:5)
  7 wights (D:5)
  Dowan (D:6)
  3 jellies
  2 hounds (D:5)
  A gnoll bouda (D:6)
  2 sleepcaps (D:5)
  An iguana (D:5)
  8 gnolls
  2 river rats (D:5)
  10 adders
  A shadow imp (D:5)
  A white imp (D:5)
  An ufetubus (D:6)
  7 worms
  2 dart slugs (D:4)
  8 orcs
  12 ball pythons
  5 endoplasms
  4 giant cockroaches (D:1)
  9 goblins
  8 hobgoblins
  2 jackals (D:2)
  15 kobolds
  4 quokkas
  7 bats
  3 frilled lizards
  14 rats
148 creatures vanquished.

Notes
Turn   | Place    | Note
-------+----------+-------------------------------------------
     0 | D:1      | Maxmaps the Octopode Shapeshifter began the quest for the
                  | Orb.
     0 | D:1      | Reached XP level 1. HP: 13/13 MP: 1/1
   134 | D:1      | Reached skill level 1 in Stealth
   331 | D:1      | Reached XP level 2. HP: 18/18 MP: 2/2
   596 | D:1      | Reached XP level 3. HP: 23/23 MP: 3/3
  1310 | D:2      | Found a white marble altar of Elyvilon.
  1387 | D:2      | Reached skill level 5 in Stealth
  1429 | D:2      | Reached XP level 4. HP: 24/28 MP: 4/4
  1677 | D:2      | Identified the +9 dagger of Alerghig {drain, Dex+4}
  2345 | D:3      | Found a transporter.
  2349 | D:3      | Noticed IYTBazzie's ghost (amateur GrSh)
  2371 | D:3      | Found a transporter.
  2881 | D:4      | Found Kol Qenu's Distillery.
  2915 | D:4      | Reached XP level 5. HP: 32/35 MP: 5/5
  2917 | D:4      | Noticed a kobold brigand
  2928 | D:4      | Killed a kobold brigand
  3072 | D:4      | Found a runed translucent gate.
  3073 | D:4      | Found a runed translucent gate.
  3074 | D:4      | Found a runed translucent gate.
  3075 | D:4      | Noticed MathMan16's ghost (amateur MfGl)
  3075 | D:4      | Noticed a phantom
  3083 | D:4      | Killed a phantom
  3084 | D:4      | Reached XP level 6. HP: 33/44 MP: 6/6
  3454 | D:4      | Reached skill level 5 in Fighting
  3498 | D:4      | Noticed Menkaure
  3510 | D:4      | Killed Menkaure
  3511 | D:4      | Reached XP level 7. HP: 34/50 MP: 7/7
  3584 | D:4      | Found a blossoming altar of Fedhas.
  3921 | D:5      | Entered Level 5 of the Dungeon
  3996 | D:5      | Reached skill level 5 in Dodging
  4206 | D:5      | Found a staircase to the Ecumenical Temple.
  4221 | Temple   | Entered the Ecumenical Temple
  4342 | D:5      | Found a glowing drain.
  4350 | Sewer    | Entered a sewer
  4687 | Sewer    | Reached XP level 8. HP: 45/55 MP: 8/8
  4961 | D:5      | Found an ornate altar of the Wu Jian Council.
  5277 | D:5      | Reached skill level 5 in Unarmed Combat
  6479 | D:6      | Noticed Duvessa
  6481 | D:6      | Noticed Dowan
  6497 | D:6      | Killed Dowan
  6497 | D:6      | Mangled by Duvessa

Illustrated notes

Levels and vault maps discovered:
D:1:      roderic_crop_circles_arrival_small, layout_loops_corners
D:2:      layout_loops_ring, basic_altar, minmay_misc_feat_iff
D:3:      layout_basic, gammafunk_ghost_stat_death, hangedman_decor_push,
          minmay_misc_feat_plants, minmay_misc_feat_chi, saegor_snake_ambush
D:4:      layout_basic, mainiacjoe_overflow_surrounded_room,
          gammafunk_ghost_necromancy, serial_shops, nicolae_shop_hallway_stairs,
          dk_rats_in_the_wall, uniq_menkaure
D:5:      layout_basic, nzn_wu_jian_contemplation, minmay_temple_entry_junction,
          lightli_sewer_entry_pipes, interstate_on_off,
          minmay_misc_feat_more_columns, st_stairs_4
D:6:      layout_basic, nicolae_overflow_hallway_of_the_gods, uniq_duvessa
Temple:   dpeg_chambers_temple

Skill      XL: |  1  2  3  4  5  6  7  8 |
---------------+-------------------------+-----
Stealth        | 2 3 5 |  5.3
Fighting       | 2 4 5 |  5.0
Dodging        | 3 6 |  6.0
Unarmed Combat | 6 |  6.1
Shapeshifting  | 4 |  4.5

Action                     |  1- 3 |  4- 6 |  7- 9 || total
---------------------------+-------+-------+-------++-------
  Melee: Unarmed           |   226 |    90 |   214 ||   530
         Constrict         |   114 |    25 |    48 ||   187
         Tentacles         |    70 |    15 |    33 ||   118
         Punch             |     7 |     6 |    12 ||    25
    Use: Scroll            |       |       |     8 ||     8
         Potion            |       |       |     4 ||     4
   Stab: Sleeping          |    17 |    12 |    17 ||    46
         Distracted        |     1 |       |       ||     1
 Armour: Skin              |     3 |     1 |    12 ||    16
  Dodge: Dodged            |    21 |    32 |   106 ||   159
  Block: Other             |     2 |    12 |    49 ||    63
         Reflection        |       |       |     1 ||     1

Table legend: (Time is in decaauts)
 A = Elapsed time spent in this place.
 B = Non-inter-level travel time spent in this place.
 C = Inter-level travel time spent in this place.
 D = Time resting spent in this place.
 E = Time spent auto-exploring this place.
 F = Levels seen in this place.
 G = Mean time per level.
                   A        B        C        D        E       F      G
               +--------+--------+--------+--------+--------+-----+--------+
         Total |   6469 |   6191 |    278 |    935 |   3961 |   8 |  808.6 |
       Dungeon |   6118 |   5840 |    278 |    935 |   3715 |   6 | 1019.7 |
        Temple |      1 |      1 |      0 |      0 |      0 |   1 |    1.0 |
         Sewer |    349 |    349 |      0 |      0 |    246 |   1 |  349.0 |
               +--------+--------+--------+--------+--------+-----+--------+

Top non-repeatable levels by time:
     D:5: 2045 daAuts
     D:1: 1130 daAuts
     D:3: 1034 daAuts
     D:4: 929 daAuts
     D:2: 810 daAuts
   Sewer: 349 daAuts
     D:6: 168 daAuts
  Temple: 1 daAuts
